 Dungeon Crawl Stone Soup version 0.18.1-6-gd335043 (webtiles) character file.

60 nikopol the Skirmisher (level 3, 0/33 HPs)
             Began as a Minotaur Berserker on May 17, 2016.
             Was a Follower of Trog.
             Succumbed to an adder's poison
             ... on level 2 of the Dungeon.
             The game lasted 00:02:12 (731 turns).

nikopol the Skirmisher (Minotaur Berserker)          Turns: 731, Time: 00:02:12

Health: 0/33       AC:  5    Str: 21    XL:     3   Next: 82%
Magic:  2/2        EV: 17    Int:  4    God:    Trog [*.....]
Gold:   48         SH:  0    Dex: 15    Spells: 0 memorised, 2 levels left

rFire  . . .     SeeInvis .     a - +0 spear
rCold  . . .     Gourm    .     f - +0 ring mail
rNeg   . . .     Faith    .     (no shield)
rPois  .         Spirit   .     (helmet restricted)
rElec  .         Dismiss  .     (no cloak)
rCorr  .         Reflect  .     (no gloves)
SustAt .         Harm     .     (no boots)
MR     .....                    (no amulet)
Stlth  ++........               (no ring)
                                (no ring)

@: agile, lethally poisoned (0 -> -1), not resistant to hostile enchantments,
unstealthy
A: retaliatory headbutt, horns 2, wild magic 1
a: Berserk, Burn Spellbooks, Renounce Religion


You were on level 2 of the Dungeon.
You worshipped Trog.
Trog was aware of your devotion.
You were not hungry.

You visited 1 branch of the dungeon, and saw 2 of its levels.

You collected 48 gold pieces.

Inventory:

Hand Weapons
 a - a +0 spear (weapon)
Missiles
 g - 6 javelins (quivered)
Armour
 b - a +0 animal skin
 f - a +0 ring mail (worn)
Scrolls
 i - a scroll of fog {unknown}
Comestibles
 c - a bread ration
 h - a meat ration
 j - 2 chunks of flesh


   Skills:
 + Level 4.2 Fighting
 * Level 4.1 Polearms
 + Level 1.2 Throwing
 + Level 3.3 Armour
 + Level 2.6 Dodging


You had 2 spell levels left.
You didn't know any spells.

Dungeon Overview and Level Annotations

Branches:
Dungeon (2/15)

Altars:


Innate Abilities, Weirdness & Mutations

You reflexively headbutt those who attack you in melee.
You have a pair of horns on your head.
Your spells are a little harder to cast, but a little more powerful.


Message History

The gnoll is moderately wounded.
You hear a shout!
The gnoll barely misses you.
Attack whom?
Press: ? - help, Dir - move target cursor, f/p - gnoll
Aim: a gnoll, wielding a spear (moderately wounded)
You reach to attack!
You hit the gnoll.
The gnoll is heavily wounded.
The gnoll barely misses you.
Attack whom?
Press: ? - help, Dir - move target cursor, f/p - gnoll
Aim: a gnoll, wielding a spear (heavily wounded)
You reach to attack!
You barely miss the gnoll.
The gnoll is heavily wounded.
Attack whom?
Press: ? - help, Dir - move target cursor, f/p - gnoll
Aim: a gnoll, wielding a spear (heavily wounded)
You reach to attack!
You closely miss the gnoll.
The gnoll is heavily wounded.
You die...

.#.#.#...###....#
................#
..(.............#
#..#.#...####...#
#.
#.#...........# #
# #.#.####..###
.#### #.#......
......#......#.
#...@.......
#..#........
#.##g#...#.# #.
.g....# # #
..###.# #..# .#
#..# # ...#


You could see 2 gnolls.

Vanquished Creatures
  Terence (D:1)
  2 adders
  A dart slug (D:2)
  A giant gecko (D:1)
  2 goblins (D:1)
  3 hobgoblins (D:1)
  3 kobolds (D:1)
  A bat (D:1)
  A giant newt (D:1)
  A rat (D:1)
16 creatures vanquished.

Notes
Turn   | Place    | Note
--------------------------------------------------------------
     0 | D:1      | nikopol the Minotaur Berserker began the quest for the Orb.
     0 | D:1      | Reached XP level 1. HP: 19/19 MP: 0/0
   495 | D:1      | Reached XP level 2. HP: 27/27 MP: 1/1
   645 | D:2      | Noticed Terence
   655 | D:1      | Killed Terence
   655 | D:1      | Reached skill level 1 in Throwing
   655 | D:1      | Reached XP level 3. HP: 33/33 MP: 2/2
   714 | D:2      | Gained mutation: Your system is resistant to poisons. [potion of mutation]
   714 | D:2      | Lost mutation: Your system is resistant to poisons. [potion of mutation]
   714 | D:2      | Gained mutation: Your spells are a little harder to cast, but a little more powerful. [potion of mutation]
   723 | D:2      | HP: 1/33 [poisoned by an adder]
   731 | D:2      | Succumbed to an adder's poison

Skill      XL: |  1  2 |
---------------+-------+-----
Fighting       | 4 |  4.2
Polearms       | 4 |  4.1
Throwing       | 1 |  1.2
Armour         | 3 |  3.3
Dodging        | |  2.6

Action                   || total
-------------------------++-------
Melee: Spear             ||    48
       Headbutt          ||     2
Throw: Javelin           ||    10
Invok: Berserk           ||     1
  Use: Potion            ||     2
Armor: Animal skin       ||     5
       Ring mail         ||     4
Dodge: Dodged            ||    14
